 Dungeon Crawl Stone Soup version 0.28.0-43-g3370ac3207 (webtiles) character file.

Game seed: 17699963966336663439

177 pkoi the Firebug (level 5, -10/38 HPs)
             Began as a Draconian Fire Elementalist on Mar 10, 2022.
             Killed by divine providence
             ... invoked by an orc priest
              (17 damage)
             ... on level 3 of the Dungeon.
             The game lasted 00:04:43 (4385 turns).

pkoi the Firebug (Draconian Fire Elementalist)      Turns: 4385, Time: 00:04:44

Health: -10/38     AC:  6    Str: 10    XL:     5   Next: 30%
Magic:  9/9        EV: 12    Int: 17    God:
Gold:   125        SH:  0    Dex: 12    Spells: 3/9 levels left

rFire   . . .      SeeInvis +   o - +2 war axe (flame)
rCold   x . .      Faith    .   (no shield)
rNeg    + . .      Spirit   .   (armour unavailable)
rPois   +          Reflect  .   (helmet restricted)
rElec   .          Harm     .   c - scarf {shadows}
rCorr   .          Rampage  +   (no gloves)
Will    .....                   h - +0 pair of boots
Stlth   ++........              l - amulet "Tousoptulo" {Acrobat Rampage rPois rC- SInv}
HPRegen 0.12/turn               p - ring of positive energy
MPRegen 0.11/turn               n - ring of flight

@: flying
A: AC +5, unfitting armour, cold-blooded
a: no special abilities


You were on level 3 of the Dungeon.
You visited 1 branch of the dungeon, and saw 3 of its levels.

You collected 125 gold pieces.

Inventory:

Hand Weapons
 a - a +2 dagger of electrocution
 o - a +2 war axe of flaming (weapon)
Armour
 c - a scarf of shadows (worn)
 g - a +0 cloak
 h - a +0 pair of boots (worn)
Magical Staves
 i - a staff of death
Jewellery
 l - the amulet "Tousoptulo" (around neck) {Acrobat Rampage rPois rC- SInv}
   (You found it on level 2 of the Dungeon)

   [amulet of the acrobat]

   It increases your evasion while moving and waiting.
   rC:        It makes you vulnerable to cold.
   rPois:     It protects you from poison.
   SInv:      It lets you see invisible.
   Rampage:   It bestows one free step when moving towards enemies.
 n - a ring of flight (right hand)
 p - a ring of positive energy (left hand)
Scrolls
 d - a scroll of summoning {unknown}
 e - a scroll of enchant armour {unknown}
 f - 2 scrolls of identify {unknown}
 m - a scroll of immolation {unknown}
Potions
 j - 2 potions of heal wounds {unknown}
 k - a potion of magic {unknown}


   Skills:
 - Level 1.7 Dodging
 - Level 1.7 Stealth
 + Level 2.9 Spellcasting
 + Level 2.9 Conjurations
 + Level 1.6 Hexes
 + Level 4.1 Fire Magic


You had 3 spell levels left.
You knew the following spells:

 Your Spells              Type           Power      Damage    Failure   Level
a - Foxfire               Conj/Fire      56%        2x1d6     4%          1
b - Scorch                Fire           32%        2d7       4%          2
c - Inner Flame           Hex/Fire       12%        N/A       16%         3

Your spell library contained the following spells:

 Spells                   Type           Power      Damage    Failure   Level
 Conjure Flame            Conj/Fire      14%        6-21      12%         3
 Flame Wave               Conj/Fire      14%        2d6       38%         4
 Petrify                  Tmut/Erth      2%         N/A       87%         4
 Metabolic Englaciation   Hex/Ice        2%         N/A       98%         5
 Statue Form              Tmut/Erth      1%         N/A       100%        6


Dungeon Overview and Level Annotations

Branches:
Dungeon (3/15)

Altars:
Gozag
The Shining One


Innate Abilities, Weirdness & Mutations

Your plain brown scales are hard. (AC +5)
You cannot fit into any form of body armour.
You are cold-blooded and may be slowed by cold attacks.


Message History

The orc misses you. The bat misses you. The orc completely misses you.
The bat closely misses you. The bat misses you.
The quokka completely misses you. The orc completely misses you.
The bat completely misses you. The bat completely misses you.
The orc completely misses you.
The orc is no longer moving quickly.
The orc completely misses you. The bat misses you.
You rampage towards the bat!
You closely miss the bat. The bat hits you but does no damage.
The orc hits you with a +0 flail.
* * * LOW HITPOINT WARNING * * *
You rampage towards the bat!
You closely miss the bat. The bat closely misses you. The quokka bites you.
* * * LOW HITPOINT WARNING * * *
The bat misses you.
You closely miss the bat. You hit the orc. You burn the orc.
You kill the orc!
You miss the quokka. The bat hits you but does no damage.
The quokka bites you but does no damage.
The bat barely misses you.
You slash the bat! You burn the bat.
You kill the bat!
You barely miss the quokka. The quokka closely misses you.
The quokka barely misses you. The quokka completely misses you.
You see here a bat corpse.
The goblin shouts!
You rampage towards the goblin!
You barely miss the goblin. The goblin hits you but does no damage.
The orc priest casts a cantrip, but nothing happens.
The quokka closely misses you. The goblin closely misses you.
You hit the goblin. You burn the goblin.
You kill the goblin!
You hit the quokka. You burn the quokka. The quokka bites you.
* * * LOW HITPOINT WARNING * * *
The orc priest mumbles some strange prayers to Beogh against you.
Beogh smites you!
You die...

##...## ###....#####
#.....## #.##...# #
###....# #.##...# #
#...).## #......# ##
###....# #......####.
######.o†.###...#.......
#..................####.
#......r...........# ##
##.....@...........# #
###..).........#### #
#.................#####
###.#..[[................
##.#.#.#<#........÷.......
#(........................
##.#.#.#.#.....##.........
#.........................
###.#.#.#.#####............


You could see an orc priest and a quokka.

Vanquished Creatures
  A howler monkey (D:3)
  6 adders
  A gnoll (D:3)
  3 dart slugs
  3 orcs (D:3)
  9 endoplasms
  2 giant cockroaches
  8 goblins
  3 hobgoblins
  2 jackals (D:3)
  3 kobolds
  5 quokkas
  5 ball pythons
  10 bats
  A frilled lizard (D:1)
  4 rats
66 creatures vanquished.

Vanquished Creatures (others)
  53 foxfires
  A fungus (D:3)
  98 plants (D:3)
152 creatures vanquished.

Grand Total: 218 creatures vanquished

Notes
Turn   | Place    | Note
-------+----------+-------------------------------------------
     0 | D:1      | pkoi the Draconian Fire Elementalist began the quest for
                  | the Orb.
     0 | D:1      | Reached XP level 1. HP: 14/14 MP: 3/3
   110 | D:1      | Reached XP level 2. HP: 9/20 MP: 3/5
   295 | D:1      | Learned a level 2 spell: Scorch
   928 | D:1      | Reached XP level 3. HP: 21/26 MP: 1/6
   975 | D:1      | Learned a level 3 spell: Inner Flame
  1552 | D:2      | Found a faded altar of an unknown god.
  2205 | D:2      | Identified the amulet "Tousoptulo" {Acrobat Rampage rPois
                  | rC- SInv}
  2420 | D:3      | Reached XP level 4. HP: 18/33 MP: 0/7
  3122 | D:3      | Reached skill level 1 in Hexes
  3690 | D:3      | Found an opulent altar of Gozag.
  3744 | D:3      | Reached skill level 4 in Fire Magic
  3757 | D:3      | Reached XP level 5. HP: 38/38 MP: 3/9
  4300 | D:3      | Found a glowing golden altar of the Shining One.
  4385 | D:3      | Killed from afar by an orc priest

Illustrated notes

Levels and vault maps discovered:
D:1:      dpeg_arrival_round_a, layout_loops_ring,
          chequers_serial_rivers_small_b
D:2:      layout_loops_ring, shapermc_ecumenical_altar_starsandcircs
D:3:      wad_woods_settlement, layout_basic, nicolae_tso_carved_into_rock,
          nicolae_overflow_crystal_walls, st_stairs_9, nicolae_grassy_gnolls,
          uniq_crazy_yiuf_cottage

Skill      XL: |  1  2  3  4 |
---------------+-------------+-----
Conjurations   | 2 |  2.9
Hexes          | 1 |  1.6
Fire Magic     | 4 |  4.1
Dodging        | |  1.7
Stealth        | |  1.7
Spellcasting   | |  2.9

Action                   |  1- 3 |  4- 6 || total
-------------------------+-------+-------++-------
Melee: Unarmed           |    18 |       ||    18
       Dagger            |    21 |     4 ||    25
       Tailslap          |     5 |     2 ||     7
       Staff             |     4 |       ||     4
       War axe           |       |    13 ||    13
 Cast: Foxfire           |    31 |     1 ||    32
       Scorch            |    17 |    26 ||    43
  Use: Potion            |       |     1 ||     1
 Stab: Sleeping          |     2 |       ||     2
Armor: Skin              |    14 |    11 ||    25
Dodge: Dodged            |    30 |    60 ||    90
